 Dungeon Crawl Stone Soup version 0.29.1-12-g30fa7ad0bf (webtiles) character file.

Game seed: 5197762696572475402

36 112233 the Digger (level 3, -1/21 HPs)
             Began as an Octopode Earth Elementalist on Dec 17, 2022.
             Was an Initiate of Yredelemnul.
             Slain by Terence
             ... wielding a +0 trident
              (7 damage)
             ... on level 2 of the Dungeon.
             The game lasted 00:00:41 (918 turns).

112233 the Digger (Octopode Earth Elementalist)      Turns: 918, Time: 00:00:42

Health: -1/21      AC:  1    Str:  7    XL:     3   Next: 37%
Magic:  6/6        EV: 13    Int: 19    God:    Yredelemnul [......]
Gold:   31         SH:  0    Dex: 12    Spells: 5/6 levels left

rFire   . . .      SeeInvis .   e - +1 short sword (elec)
rCold   . . .      Faith    .   (no shield)
rNeg    . . .      Spirit   .   (helmet restricted)
rPois   .          Reflect  .   (no amulet)
rElec   .          Harm     .   (no ring)
rCorr   .          Rampage  .   (no ring)
Will    .....                   (no ring)
Stlth   +++.......              (no ring)
HPRegen 0.07/turn               (no ring)
MPRegen 0.10/turn               (no ring)
                                (no ring)
                                (no ring)

@: no status effects
A: almost no armour, amphibious, 8 rings, camouflage 1, gelatinous body 1,
(nimble swimmer 1), tentacles
a: Renounce Religion, Recall Undead Harvest


You were on level 2 of the Dungeon.
You worshipped Yredelemnul.
Yredelemnul was noncommittal.
You visited 1 branch of the dungeon, and saw 2 of its levels.

You collected 31 gold pieces.

Inventory:

Hand Weapons
 e - a +1 short sword of electrocution (weapon)
Scrolls
 b - 2 scrolls of identify {unknown}
 c - a scroll of enchant weapon {unknown}
 g - a scroll of blinking {unknown}
Potions
 a - a potion of magic
 d - a potion of cancellation {unknown}
 f - 2 potions of heal wounds {unknown}
 h - a potion of curing {unknown}


   Skills:
 - Level 2.1 Dodging
 - Level 2.8 Stealth
 - Level 2.0 Spellcasting
 - Level 1.1 Transmutations
 + Level 4.0 Earth Magic
 + Level 0.8 Invocations


You had 5 spell levels left.
You knew the following spells:

 Your Spells              Type           Power      Damage    Failure   Level
a - Sandblast             Erth           34%        2d9       3%          1

Your spell library contained the following spells:

 Spells                   Type           Power      Damage    Failure   Level
 Passwall                 Tmut/Erth      9%         N/A       9%          2
 Stone Arrow              Conj/Erth      18%        3d8       22%         3
 Petrify                  Tmut/Erth      11%        N/A       50%         4


Dungeon Overview and Level Annotations

Branches:
Dungeon (2/15)

Altars:
Makhleb
Yredelemnul

Annotations:
D:2 Terence


Innate Abilities, Weirdness & Mutations

You cannot wear most types of armour.
You are amphibious.
You can wear up to eight rings at the same time.
Your skin changes colour to match your surroundings (Stealth+).
Your rubbery body absorbs attacks. (AC +1, EV +1)
((You are camouflaged when in or above water. (Stealth+)))
You have tentacles for arms and can constrict up to eight enemies at once.


Message History

Found 4 stones.
Terence the Incautious comes into view.
He is wielding a +0 trident.
The adder hisses angrily.
You hit the adder. You grab the adder. Your squeeze misses the adder.
The adder is lightly wounded.
You constrict the adder. The adder closely misses you. The adder bites you.
You are poisoned.
The adder poisons you!
You hit the adder. You squeeze the adder.
The adder is almost dead.
You constrict the adder.
You feel sick. The adder bites you.
You hit the adder but do no damage.
The adder is almost dead.
You constrict the adder.
You kill the adder!
You feel sick.
Terence shouts!
Your Earth Magic skill increases to level 4!
You feel sick.
You feel sick.
Found a scroll labelled ZIPRAWEGRO.
You feel sick.
You are no longer poisoned.
Terence hits you with a +0 trident.
* * * LOW HITPOINT WARNING * * *
You are too injured to fight recklessly!
You are too injured to fight recklessly!
You are too injured to fight recklessly!
Terence barely misses you.
You see here an amulet of magic regeneration.
You hit Terence but do no damage. Your grab misses Terence.
Terence barely misses you.
You closely miss Terence. Your grab misses Terence. You squeeze Terence.
Terence is moderately wounded.
Terence barely misses you.
You hit Terence but do no damage. You grab Terence. You squeeze Terence!
Terence is severely wounded.
You constrict Terence, but do no damage.
Terence hits you with a +0 trident!
You die...
Your body rises from the dead as a mindless zombie.

####.# ##.?..##
##......## .# ...
##......^.## .#
#..##..........# .###
..............#
......................#
....#...#.#.....@@....#
..........#...........#
........# ###........##
........# #..........#
..._....# #..........#
......######..........#
......#<...>..[.......#
......................#
...####..............##


You could see Terence.

Vanquished Creatures
  An adder (D:2)
  2 worms (D:2)
  A dart slug (D:1)
  4 ball pythons
  2 bats (D:1)
  2 goblins (D:1)
  A hobgoblin (D:1)
  A quokka (D:1)
  2 kobolds (D:1)
  3 rats
19 creatures vanquished.

Vanquished Creatures (collateral kills)
  A bat (D:1)
1 creature vanquished.

Grand Total: 20 creatures vanquished

Notes
Turn   | Place    | Note
-------+----------+-------------------------------------------
     0 | D:1      | 112233 the Octopode Earth Elementalist began the quest for
                  | the Orb.
     0 | D:1      | Reached XP level 1. HP: 11/11 MP: 3/3
   290 | D:1      | Reached XP level 2. HP: 17/17 MP: 1/5
   481 | D:1      | Found a faded altar of an unknown god.
   490 | D:1      | Prayed at the altar of an unknown god.
   490 | D:1      | Became a worshipper of Yredelemnul the Dark
   490 | D:1      | Reached * piety under Yredelemnul
   692 | D:2      | Found a burning altar of Makhleb.
   884 | D:2      | Reached XP level 3. HP: 21/21 MP: 6/6
   908 | D:2      | Noticed Terence
   912 | D:2      | Reached skill level 4 in Earth Magic
   918 | D:2      | Slain by Terence

Illustrated notes

Levels and vault maps discovered:
D:1:      amcnicky_arrival_single_pillar, layout_rooms,
          shapermc_ecumenical_altar_venn
D:2:      layout_rooms, basic_altar, nicolae_eternal_life, uniq_terence

Skill      XL: |  1  2  3 |
---------------+----------+-----
Earth Magic    | 4 |  4.0
Dodging        | |  2.1
Stealth        | |  2.8
Spellcasting   | |  2.0
Transmutations | |  1.1
Invocations    | |  0.8

Action                   || total
-------------------------++-------
Melee: Constrict         ||     7
       Unarmed           ||     2
       Short sword       ||    20
       Tentacles         ||     9
 Cast: Sandblast         ||    14
 Stab: Sleeping          ||     3
Armor: Skin              ||     3
Dodge: Dodged            ||    19
